 Dungeon Crawl Stone Soup version 0.30-a0-462-gd5975efbca (webtiles) character file.

Game seed: 7036444575938508069

45892 HoaS the Markstengu (level 14, 0/92 HPs)
             Began as a Tengu Hunter on Dec 16, 2022.
             Was the Champion of Okawaru.
             Slain by a catoblepas (1 damage)
             ... while petrified by a catoblepas
             ... in a Gauntlet.
             The game lasted 00:35:19 (16885 turns).

HoaS the Markstengu (Tengu Hunter)                 Turns: 16885, Time: 00:35:20

Health: 0/92       AC: 13    Str: 12    XL:     14   Next: 35%
Magic:  0/21       EV:  2    Int:  9    God:    Okawaru [******]
Gold:   2221       SH:  0    Dex: 23    Spells: 13/13 levels left

rFire   + . .      SeeInvis .    a - +2 shortbow (drain)
rCold   . . .      Faith    .    (shield currently unavailable)
rNeg    + + +      Spirit   +    L - +3 leather armour {rF+}
rPois   ∞          Reflect  .    (helmet restricted)
rElec   .          Harm     .    G - +2 cloak
rCorr   .          Rampage  .    f - +2 pair of gloves
Will    +....      NoTele   +    (boots unavailable)
Stlth   +++.......               d - amulet of guardian spirit
HPRegen 0.35/turn                w - +4 ring of slaying
MPRegen 0.17/turn                P - ring of poison resistance

@: petrified, heroic, flying quickly and evasively, quick
A: beak, talons 3, nimble flight
a: Renounce Religion, Heroism, Finesse, Duel


You were in a Gauntlet.
You worshipped Okawaru.
Okawaru was exalted by your worship.
You visited 3 branches of the dungeon, and saw 18 of its levels.
You also visited: Sewer, Bailey, Gauntlet and Volcano.

You collected 2221 gold pieces.

Inventory:

Hand Weapons
 a - a +2 shortbow of draining (weapon)
 y - a +3 longbow of flaming
Missiles
 q - 2 throwing nets
Armour
 f - a +2 pair of gloves (worn)
 G - a +2 cloak (worn)
 L - a +3 leather armour of fire resistance (worn)
Jewellery
 d - an amulet of guardian spirit (around neck)
 l - a ring of ice
 w - a +4 ring of slaying (left hand)
 D - a ring of fire
 F - a +6 ring of strength
 M - a ring of protection from cold
 P - a ring of poison resistance (right hand)
 R - a ring of positive energy
Wands
 c - a wand of quicksilver (2)
 h - a wand of polymorph (10)
 m - a wand of mindburst (14)
 r - a wand of paralysis (22)
 x - a wand of flame (21)
 z - a wand of iceblast (27)
Scrolls
 b - 2 scrolls of immolation
 e - 7 scrolls of teleportation
 g - 4 scrolls of noise
 i - 3 scrolls of blinking
 n - 3 scrolls of enchant armour
 p - 2 scrolls of brand weapon
 t - 2 scrolls of fear
 v - 6 scrolls of vulnerability
 A - 4 scrolls of fog
 O - a scroll of silence
 S - 2 scrolls of poison
Potions
 j - 4 potions of haste
 k - 6 potions of mutation
 s - a potion of attraction
 u - a potion of ambrosia
 B - 2 potions of resistance
 C - 2 potions of lignification
 E - a potion of might
 H - a potion of curing {unknown}
 I - a potion of cancellation {unknown}
 J - a potion of invisibility
 K - a potion of magic {unknown}
 N - a potion of brilliance {unknown}
Miscellaneous
 o - a box of beasts


   Skills:
 * Level 12.9(17.9) Fighting
 - Level 16.0(21.0) Ranged Weapons
 * Level 14.0(19.0) Dodging
 - Level 1.0(6.0) Stealth
 + Level 8.9 Invocations


You had 13 spell levels left.
You didn't know any spells.
Your spell library contained the following spells:

 Spells                   Type           Power      Damage    Failure   Level
 Shock                    Conj/Air       0%         1d3       45%         1
 Ensorcelled Hibernation  Hex/Ice        0%         N/A       61%         2
 Passwall                 Tmut/Erth      0%         N/A       61%         2
 Scorch                   Fire           0%         2d5       61%         2
 Sublimation of Blood     Necr           0%         N/A       61%         2
 Wereblood                Tmut           0%         N/A       61%         2
 Dazzling Flash           Conj/Hex       0%         N/A       83%         3
 Ignite Poison            Fire/Tmut/Pois 0%         N/A       83%         3
 Inner Flame              Hex/Fire       0%         N/A       83%         3
 Spider Form              Tmut/Pois      0%         N/A       83%         3
 Swiftness                Air            0%         N/A       83%         3
 Airstrike                Air            0%         2d(0-16)  99%         4
 Anguish                  Hex/Necr       0%         N/A       99%         4
 Cause Fear               Hex            0%         N/A       99%         4
 Flame Wave               Conj/Fire      0%         2d4       99%         4
 Leda's Liquefaction      Hex/Erth       0%         N/A       99%         4
 Sticky Flame             Conj/Fire      0%         2d3       99%         4
 Agony                    Necr           0%         N/A       100%        5
 Lee's Rapid Deconstruct  Erth           0%         3d4*      100%        5
 Lightning Bolt           Conj/Air       0%         1d11      100%        5
 Silence                  Hex/Air        0%         N/A       100%        5
 Statue Form              Tmut/Erth      0%         N/A       100%        6
 Discord                  Hex            0%         N/A       100%        8
 Ignition                 Fire           0%         3d3       100%        8
 Summon Lightning Spire   Summ/Air       Unusable   N/A       N/A         4
 Summon Cactus Giant      Summ           Unusable   N/A       N/A         6
 Summon Hydra             Summ           Unusable   N/A       N/A         7

Dungeon Overview and Level Annotations

Branches:
Dungeon (12/15)            Temple (1/1) D:5            Lair (5/5) D:10
 Shoals (0/4) Lair:3        Snake (0/4) Lair:2        Slime (0/5) Lair:5
    Orc (0/2) D:9           Sewer (visited)          Bailey (visited)
Volcano (visited)         Gauntlet (1/1)

Altars:
Ashenzari
Cheibriados
Dithmenos
Elyvilon
Fedhas
Gozag
Hepliaklqana
Kikubaaqudgha
Makhleb
Okawaru
Qazlal
Ru
Trog
Uskayaw
Vehumet
Wu Jian
Xom
Yredelemnul
Zin
The Shining One

Annotations:
Gauntlet 7 transporters


Innate Abilities, Weirdness & Mutations

You have a beak for a mouth.
You have claws for feet.
Your magical nature lets you fly swiftly and evasively.


Message History

The bolt of magma hits the molten gargoyle!
The molten gargoyle partially resists.
You are engulfed in calcifying dust.
The catoblepas gores you!
The molten gargoyle blasts magma at you!
The bolt of magma hits you! You partially resist.
The bolt of magma hits the molten gargoyle.
The molten gargoyle partially resists.
The molten gargoyle hits you with a +0 morningstar.
You are engulfed in flames.
You resist.
You are engulfed in calcifying dust.
The catoblepas breathes a plume of calcifying dust at you.
The blast of calcifying dust hits you.
The molten gargoyle hits you but does no damage.
The molten gargoyle hits you with a +0 morningstar!
You are engulfed in flames.
You resist. The catoblepas gores you!
The molten gargoyle blasts magma at you!
The bolt of magma hits you!! You partially resist.
* * * LOW HITPOINT WARNING * * *
The bolt of magma hits the molten gargoyle!
The molten gargoyle partially resists.
The gargoyle hits you but does no damage.
The molten gargoyle hits you with a +0 morningstar!
* * * LOW HITPOINT WARNING * * *
You are engulfed in flames.
You resist.
* * * LOW HITPOINT WARNING * * *
The catoblepas gores you.
The molten gargoyle hits you with a +0 flail!
* * * LOW HITPOINT WARNING * * *
You are engulfed in flames.
You resist.
* * * LOW HITPOINT WARNING * * *
The gargoyle hits you with a +0 mace!!
* * * LOW HITPOINT WARNING * * *
The molten gargoyle blasts magma at you!
The bolt of magma hits you! You partially resist.
* * * LOW HITPOINT WARNING * * *
The bolt of magma hits the molten gargoyle!
The molten gargoyle partially resists.
The catoblepas gores you.
You die...

#≈.........................
##..###########..##########
#≈..#.....^...#..#.........
##..#.^##.##^.#..#.#^...^#.
#≈..#.##...##.#..#..##†##..
##..#!#^...^#.####..##.##.. .
#≈..#©...©....#©©#©.#^©.#.. ##.
##..#=#..9.9#.####..##.##.. ....
#§..#9##.Y@##9#..#..##.##..
#..###§.#9^##9##^9#..#.#^...^#.
#....#..#Y9.......#..#.........
#...©#..###########..##########
#....#.........................
#....#.∩.......................
#...©#..#########..#########..#
#....#..#.)#.##.#..##.#.#x##..#
....###§.###..#.##..#.#.#.#g#..#


You could see a catoblepas (drained), 2 molten gargoyles and a gargoyle.

Vanquished Creatures
  A red draconian (Volcano)
  A fire dragon (Lair:5)
  2 vault guards (Bailey)
  4 hydras
  2 catoblepae
  The ghost of Verendum the Martial Artist, a journeyman OpTm of Ashenzari (D:10)
  An ogre mage (Volcano)
  Erica (Lair:2)
  A centaur warrior (D:10)
  2 boulder beetles (Lair:4)
  7 two-headed ogres
  The ghost of DEFE the Destroyer, a novice DsWn of Vehumet (D:7)
  A swamp dragon (Lair:5)
  A lindwurm (Lair:5)
  An ugly thing (D:11)
  7 black mambas
  2 merfolk sirens (Lair:3)
  3 cane toads
  A gargoyle (D:10)
  5 elephants (Lair:3)
  6 rime drakes
  5 komodo dragons
  2 hornets (Gauntlet)
  7 slime creatures (D:11)
  Prince Ribbit (Bailey)
  10 blink frogs
  A centaur simulacrum (Gauntlet)
  A wraith (D:10)
  7 fire bats (Volcano)
  33 yaks
  7 wyverns
  A shadow (D:9)
  5 humans (Bailey)
  8 basilisks
  3 steam dragons
  3 nagas (Lair:2)
  The ghost of funkygono the Firebug, an amateur DsFE (D:3)
  2 acid dragons (Lair:5)
  7 water moccasins
  2 sky beasts (D:7)
  A meliai simulacrum (Gauntlet)
  A swamp drake (D:9)
  8 orc warriors
  4 black bears
  2 ice beasts
  7 wolves
  6 centaurs
  2 ogres (D:5)
  2 kobold brigands
  21 bullfrogs
  A phantom (D:7)
  A gnoll sergeant (D:7)
  2 necrophages
  4 scorpions
  5 wights (D:9)
  8 killer bees
  A howler monkey (D:4)
  7 electric eels
  5 lava snakes (Volcano)
  A wyvern simulacrum (Gauntlet)
  A gnoll bouda (D:9)
  4 hounds
  4 jellies
  6 orc priests
  Terence (D:2)
  10 iguanas
  7 orc wizards
  3 hell rats (Lair:3)
  8 gnolls
  18 adders
  2 river rats (D:3)
  3 worms
  A dart slug (D:1)
  37 orcs
  16 endoplasms
  11 giant cockroaches
  11 goblins
  9 hobgoblins
  7 jackals
  19 quokkas
  16 ball pythons
  14 bats
  11 frilled lizards
  4 kobolds
  12 rats
481 creatures vanquished.

Vanquished Creatures (others)
  A hell rat (Lair:3)
  72 fungi
  67 plants
140 creatures vanquished.

Grand Total: 621 creatures vanquished

Notes
Turn   | Place    | Note
-------+----------+-------------------------------------------
     0 | D:1      | HoaS the Tengu Hunter began the quest for the Orb.
     0 | D:1      | Reached XP level 1. HP: 12/12 MP: 2/2
   105 | D:1      | Reached XP level 2. HP: 16/17 MP: 3/3
   191 | D:1      | Reached skill level 5 in Ranged Weapons
   300 | D:1      | Reached XP level 3. HP: 21/21 MP: 4/4
   879 | D:2      | Reached skill level 6 in Ranged Weapons
   879 | D:2      | Reached XP level 4. HP: 26/26 MP: 5/5
  1085 | D:2      | Noticed Terence
  1091 | D:2      | Killed Terence
  1276 | D:2      | You fall into a shaft and drop 2 floors!
  1356 | D:3      | Found a white marble altar of Elyvilon.
  1438 | D:3      | Gained mutation: Your magical nature lets you fly swiftly
                  | and evasively. [Tengu growth]
  1438 | D:3      | Reached XP level 5. HP: 23/30 MP: 4/6
  1460 | D:3      | Reached skill level 7 in Ranged Weapons
  1503 | D:3      | Found a glowing drain.
  1512 | Sewer    | Entered a sewer
  1646 | Sewer    | Reached XP level 6. HP: 34/35 MP: 7/7
  1894 | Sewer    | Reached skill level 8 in Ranged Weapons
  2438 | D:3      | Reached XP level 7. HP: 40/40 MP: 8/8
  2443 | D:3      | Reached skill level 9 in Ranged Weapons
  2511 | D:3      | Found a faded altar of an unknown god.
  2595 | D:3      | Found a transporter.
  2601 | D:3      | Found a transporter.
  2601 | D:3      | Noticed funkygono's ghost (amateur DsFE)
  3968 | D:5      | Entered Level 5 of the Dungeon
  4032 | D:3      | Killed funkygono's ghost
  4033 | D:3      | Reached skill level 10 in Ranged Weapons
  4176 | D:5      | Reached XP level 8. HP: 44/44 MP: 9/9
  4414 | D:5      | Reached skill level 11 in Ranged Weapons
  4460 | D:5      | Found a staircase to the Ecumenical Temple.
  4469 | Temple   | Entered the Ecumenical Temple
  4484 | Temple   | Became a worshipper of Warmaster Okawaru
  4627 | D:5      | Reached skill level 1 in Invocations
  5076 | D:6      | Found a bloodstained altar of Trog.
  5137 | D:6      | Reached * piety under Okawaru
  5143 | D:6      | Reached skill level 12 in Ranged Weapons
  5155 | D:6      | Reached XP level 9. HP: 37/48 MP: 7/12
  5329 | D:6      | Reached ** piety under Okawaru
  5640 | D:7      | Reached skill level 13 in Ranged Weapons
  5850 | D:7      | Found a flagged portal.
  5859 | Bailey   | Entered a bailey
  5869 | Bailey   | Reached skill level 14 in Ranged Weapons
  5875 | Bailey   | Reached *** piety under Okawaru
  6041 | Bailey   | Reached XP level 10. HP: 53/53 MP: 13/13
  6056 | Bailey   | Reached skill level 15 in Ranged Weapons
  6110 | Bailey   | Noticed Prince Ribbit
  6127 | Bailey   | Noticed a vault guard
  6147 | Bailey   | Killed Prince Ribbit
  6178 | Bailey   | Killed a vault guard
  6178 | Bailey   | Reached **** piety under Okawaru
  6369 | Bailey   | Noticed a vault guard
  6375 | Bailey   | Reached skill level 16 in Ranged Weapons
  6427 | Bailey   | Killed a vault guard
  6614 | D:7      | Identified a scroll of acquirement
  6614 | D:7      | Acquired 888 gold pieces
  6656 | D:7      | Found a large runed translucent door.
  6656 | D:7      | Found a large runed translucent door.
  6657 | D:7      | Noticed DEFE's ghost (novice DsWn)
  6744 | D:7      | Found a sacrificial altar of Ru.
  7346 | D:8      | Reached ***** piety under Okawaru
  7521 | D:8      | Found a basalt altar of Yredelemnul.
  7522 | D:8      | Found a stormy altar of Qazlal.
  8233 | D:9      | Noticed a two-headed ogre
  8241 | D:9      | Killed a two-headed ogre
  8242 | D:9      | Reached skill level 5 in Fighting
  8242 | D:9      | Reached skill level 5 in Dodging
  8242 | D:9      | Reached XP level 11. HP: 63/63 MP: 6/15
  8379 | D:9      | Identified the +4 long sword of Cyeraor {flame, Dex+6}
  8813 | D:9      | Found a staircase to the Orcish Mines.
  8906 | D:9      | Received a gift from Okawaru
  8906 | D:9      | Found the +12 glaive of Prune {vorpal}
  9112 | D:10     | Entered Level 10 of the Dungeon
  9327 | D:10     | Noticed a two-headed ogre
  9332 | D:10     | Killed a two-headed ogre
  9338 | D:10     | Reached skill level 5 in Invocations
  9345 | D:10     | Found a staircase to the Lair.
  9428 | D:10     | Noticed a centaur warrior
  9436 | D:10     | Killed a centaur warrior
  9841 | D:10     | Found a runed translucent gate.
  9841 | D:10     | Found a runed translucent gate.
  9844 | D:10     | Noticed Verendum's ghost (journeyman OpTm)
  9845 | D:10     | Found a runed translucent gate.
  9891 | Lair:1   | Entered Level 1 of the Lair of Beasts
 10317 | Lair:1   | Reached ****** piety under Okawaru
 10317 | Lair:1   | Received a gift from Okawaru
 10344 | Lair:1   | Reached XP level 12. HP: 60/73 MP: 14/17
 10643 | Lair:2   | You are sucked into a shaft and drop 2 floors!
 10653 | Lair:4   | Found a basalt altar of Yredelemnul.
 10740 | Lair:4   | Noticed a catoblepas
 10773 | Lair:4   | Killed a catoblepas
 10824 | Lair:4   | Noticed a boulder beetle
 10843 | Lair:4   | Killed a boulder beetle
 10896 | Lair:4   | Noticed a four-headed hydra
 10901 | Lair:4   | Noticed a boulder beetle
 10909 | Lair:4   | Killed a four-headed hydra
 10923 | Lair:4   | Killed a boulder beetle
 10989 | Lair:4   | Found a dark tunnel.
 11041 | Volcano  | Entered a volcano
 11059 | Volcano  | Identified the +12 bardiche "Tarphuun" {vamp, rCorr}
                  | (Okawaru gifted it to you in a volcano)
 11059 | Volcano  | Received a gift from Okawaru
 11174 | Volcano  | Noticed a two-headed ogre
 11174 | Volcano  | Noticed a two-headed ogre
 11181 | Volcano  | Killed a two-headed ogre
 11182 | Volcano  | Reached skill level 10 in Dodging
 11185 | Volcano  | Killed a two-headed ogre
 11185 | Volcano  | Noticed an ogre mage
 11185 | Volcano  | Noticed a red draconian
 11188 | Volcano  | Noticed a two-headed ogre
 11199 | Volcano  | Killed a red draconian
 11204 | Volcano  | Noticed a two-headed ogre
 11208 | Volcano  | Killed a two-headed ogre
 11208 | Volcano  | Identified the +0 robe "Wumyonorch" {-Cast Harm rElec}
                  | (Okawaru gifted it to you in a volcano)
 11208 | Volcano  | Received a gift from Okawaru
 11214 | Volcano  | Killed a two-headed ogre
 11215 | Volcano  | Killed an ogre mage
 11244 | Volcano  | Noticed a two-headed ogre
 11248 | Volcano  | Killed a two-headed ogre
 11249 | Volcano  | Reached skill level 10 in Fighting
 11263 | Volcano  | Found a bloodstained altar of Trog.
 11453 | Lair:4   | Reached XP level 13. HP: 50/82 MP: 12/19
 11776 | Lair:2   | Noticed Erica
 11792 | Lair:2   | Killed Erica
 12299 | Lair:2   | Found a staircase to the Snake Pit.
 12751 | Lair:3   | Identified the +2 scale mail "Zogoles" {Dex+5}
 13266 | Lair:3   | Found a staircase to the Shoals.
 13912 | Lair:5   | Entered Level 5 of the Lair of Beasts
 14436 | Lair:5   | Found a staircase to the Slime Pits.
 14514 | Lair:5   | Identified the +8 chain mail "Ram Boho" {Str+5} (Okawaru
                  | gifted it to you on level 5 of the Lair of Beasts)
 14514 | Lair:5   | Received a gift from Okawaru
 14530 | Lair:5   | Reached XP level 14. HP: 70/92 MP: 16/21
 15390 | D:10     | Killed Verendum's ghost
 15671 | D:7      | Killed DEFE's ghost
 16448 | D:12     | Found a gate leading to a gauntlet.
 16454 | Gauntlet | Entered a Gauntlet
 16454 | Gauntlet | Found a transporter.
 16454 | Gauntlet | Found a transporter.
 16455 | Gauntlet | Found a transporter.
 16479 | Gauntlet | Found a transporter.
 16489 | Gauntlet | Found a transporter.
 16491 | Gauntlet | Found a transporter.
 16505 | Gauntlet | Found a transporter.
 16521 | Gauntlet | Found a transporter.
 16527 | Gauntlet | Found the amulet of Elemental Vulnerability {rPois rF--
                  | rC-- AC+8}
 16538 | Gauntlet | Found a transporter.
 16539 | Gauntlet | Found a transporter.
 16547 | Gauntlet | Found a transporter.
 16550 | Gauntlet | Found a transporter.
 16884 | Gauntlet | HP: 1/92 [molten gargoyle/bolt of magma (5)]
 16885 | Gauntlet | Slain by a catoblepas

Illustrated notes

Levels and vault maps discovered:
D:1:      matt_arrival_grand_opening, layout_basic, hex_intersection
D:2:      minmay_diamond_boxcup, layout_loops_ring, palyth_stone_intersect,
          minmay_small_reverse_x, uniq_terence
D:3:      layout_loops_corners, mainiacjoe_overflow_alcove_2,
          lightli_sewer_entry_pipes, gammafunk_ghost_arena,
          hellmonk_ecumenical_altar_lost_god
D:4:      layout_gridville
D:5:      layout_cave_pods, lemuel_temple_firewalk_b
D:6:      layout_loops_ring, lemuel_doored_altar, serial_bayou_pond_b,
          minivault_23
D:7:      layout_basic, mainiacjoe_overflow_catwalk, enter_bailey_5,
          ebering_ghost_disaster_area
D:8:      layout_basic, chequers_temple_overflow_statue_of_worship
D:9:      layout_loops_corners, erik_orc_1
D:10:     layout_basic, nicolae_overflow_hidden_temple,
          due_lair_maze_entry_diamond, biasface_ghost_orc_armoury,
          kennysheep_flooded_box
D:11:     layout_irregular_city
D:12:     layout_small_grid, portal_ice_cave_entry_animals_and_master,
          gauntlet_entry_generic
Temple:   hellmonk_temple_two_chambers
Lair:1:   layout_gridlike, infiniplex_staircase_pool, serial_bayou_shore_a,
          lemuel_fruit_tree, grunt_megastairs_4
Lair:2:   layout_regular_city, guppyfry_snake_entry_garden, uniq_erica
Lair:3:   layout_roguey, elwin_shoals_entry_rooms, grunt_megastairs_5
Lair:4:   layout_cave_pods, nicolae_volcano_entry_hallway, basic_altar
Lair:5:   guppyfry_lair_end_dragon, layout_hall_layers,
          nicolae_slime_entry_slimehenge, infiniplex_staircase_pool_2
Gauntlet: minmay_gauntlet_mixed_big_or_small [gammafunk_gauntlet_arena_crates,
          minmay_gauntlet_arena_77_broken_ladder, nicolae_gauntlet_arena_blocks,
          minmay_gauntlet_arena_77_checkered,
          gammafunk_gauntlet_arena_split_diamond,
          minmay_gauntlet_arena_77_tiled_triplets,
          nicolae_gauntlet_exit_dead_adventurers]

Skill      XL: |  1  2  3  4  5  6  7  8  9 10 11 12 13 14 |
---------------+-------------------------------------------+-----
Ranged Weapons | 5 6 7 8 10 12 14 16 | 16.0
Invocations    | 3 4 5 7 8 |  8.9
Fighting       | 5 7 10 12 | 12.9
Dodging        | 5 8 11 13 14 | 14.0
Stealth        | |  1.0

Action                   |  1- 3 |  4- 6 |  7- 9 | 10-12 | 13-15 || total
-------------------------+-------+-------+-------+-------+-------++-------
 Fire: Shortbow          |    86 |   174 |   299 |   616 |   609 ||  1784
Invok: Heroism           |       |       |       |     3 |     1 ||     4
       Finesse           |       |       |       |     2 |       ||     2
  Use: Scroll            |     5 |     6 |     8 |     8 |     6 ||    33
       Potion            |       |       |       |     6 |     1 ||     7
Armor: Leather armour    |    13 |    27 |    24 |    35 |    41 ||   140
Dodge: Dodged            |    10 |    73 |    83 |   176 |   291 ||   633

Table legend: (Time is in decaauts)
 A = Elapsed time spent in this place.
 B = Non-inter-level travel time spent in this place.
 C = Inter-level travel time spent in this place.
 D = Time resting spent in this place.
 E = Time spent auto-exploring this place.
 F = Levels seen in this place.
 G = Mean time per level.
                   A        B        C        D        E       F      G
               +--------+--------+--------+--------+--------+-----+--------+
         Total |  15526 |  14578 |    948 |   2352 |   9462 |  22 |  705.7 |
       Dungeon |   8825 |   8083 |    742 |    721 |   6017 |  12 |  735.4 |
        Temple |     19 |     14 |      5 |      0 |      9 |   1 |   19.0 |
          Lair |   4644 |   4444 |    200 |    677 |   2968 |   5 |  928.8 |
         Sewer |    677 |    677 |      0 |    400 |    110 |   1 |  677.0 |
        Bailey |    705 |    705 |      0 |    402 |    120 |   1 |  705.0 |
       Volcano |    255 |    255 |      0 |      0 |    103 |   1 |  255.0 |
      Gauntlet |    397 |    397 |      0 |    151 |    133 |   1 |  397.0 |
               +--------+--------+--------+--------+--------+-----+--------+

Top non-repeatable levels by time:
  Lair:5: 1212 daAuts
     D:3: 1119 daAuts
  Lair:4: 982 daAuts
     D:9: 981 daAuts
     D:7: 979 daAuts
  Lair:2: 957 daAuts
    D:10: 940 daAuts
     D:1: 826 daAuts
  Lair:3: 791 daAuts
     D:2: 740 daAuts
     D:5: 710 daAuts
  Bailey: 705 daAuts
  Lair:1: 701 daAuts
     D:8: 697 daAuts
   Sewer: 677 daAuts
